 Dungeon Sprint DCSS version 0.23-a0-681-g26ad783 (webtiles) character file.

63697 Lanoc the Wrestler (level 14, -21/146 HPs)
             Began as a Troll Monk on Jan 11, 2019.
             Was the Champion of Jiyva.
             Killed from afar by Mara (illusionary) (70 damage)
             ... with a bolt of fire
             ... in the Dungeon (Sprint IX: "|||||||||||||||||||||||||||||").
             The game lasted 00:26:47 (3056 turns).

Lanoc the Wrestler (Troll Monk)                     Turns: 3056, Time: 00:26:48

Health: -21/146    AC: 24    Str: 25    XL:     14   Next: 69%
Magic:  11/13      EV: 20    Int: 12    God:    Jiyva [******]
Gold:   1499       SH: 12    Dex: 21    Spells: 13/13 levels left

rFire    x . .     SeeInvis +     - Unarmed
rCold    + + .     Gourm    +   t - +0 shield {reflect}
rNeg     . . .     Faith    .   E - +3 ice dragon scales
rPois    .         Spirit   .   (helmet restricted)
rElec    .         Reflect  +   u - +0 cloak
rCorr    +         Harm     .   (gloves unavailable)
MR       +....     Clarity  +   (boots unavailable) Stlth +.........NoTele +
                                z - amulet of regeneration
HPRegen  1.14/turn              A - +6 ring of strength
MPRegen  0.13/turn              C - +6 ring of dexterity

@: no status effects
A: large, unfitting armour, claws 3, talons 1, iridescent scales 1, molten
scales 1, see invisible, clarity, clever 1, fast metabolism 3, frail 1,
gourmand, regeneration 1, shaggy fur 1, tough skin 2, wild magic 1, eyeballs 1,
translucent skin 1, tendrils, jelly absorbing missiles
a: Request Jelly, Slimify, Cure Bad Mutation, Renounce Religion


You were in the Dungeon.
You worshipped Jiyva.
Jiyva was exalted by your worship.
You were very full.

You visited 1 branch You collected 1499 gold pieces.

Inventory:

Hand Weapons
 m - a +4 quarterstaff of speed
Missiles
 y - 5 large rocks (quivered)
Armour
 t - a +0 shield of reflection (worn)
 u - a +0 cloak (worn)
 D - a +0 large shield of protection
 E - +3 ice dragon scales (worn)
Jewellery
 z - an amulet of regeneration (around neck)
 A - a +6 ring of strength (left claw)
 C - a +6 ring of dexterity (right claw)
Wands
 l - a wand of iceblast (10)
Scrolls
 h - 3 scrolls of blinking
 j - 6 scrolls of remove curse
 k - 2 scrolls of amnesia
 q - 3 scrolls of fog
 r - 2 scrolls of identify
 s - 8 scrolls of enchant armour
 G - 2 scrolls of enchant weapon
Potions
 a - a potion of flight {unknown}
 c - 4 potions of curing
 d - 9 potions of heal wounds
 e - a potion of haste
 f - 5 potions of magic
 g - a potion of might
 i - a potion of invisibility
 p - 2 potions of mutation
 w - a potion of degeneration {unknown}
 F - a potion of agility
Comestibles
 b - 12 rations


   Skills:
 + Level 16.5 Fighting
 + Level 10.5 Armour
 + Level 16.5 Dodging
 - Level 1.0 Stealth
 + Level 8.1 Shields
 * Level 25.2 Unarmed Combat


You had 13 spell levels left.
You didn't know any spells.
Your spell library was empty.

Dungeon Overview and Level Annotations

Branches:
Dungeon (1/1)

Altars:
Cheibriados
Dithmenos
Elyvilon
Fedhas
Gozag
Hepliaklqana
Kikubaaqudgha
Makhleb
Nemelex Xobeh
Okawaru
Qazlal
Ru
Sif Muna
Trog
Uskayaw
Vehumet
Wu Jian
Xom
Yredelemnul
Zin
The Shining One
Beogh
Jiyva
Lugonu

Shops:
D }?(:

Annotations:
D Mara


Innate Abilities, Weirdness & Mutations

You are too large for most types of armour.
You have claws for hands.
Your metabolism is lightning-fast.
You like to eat raw meat.
Your natural rate of healing is unusually fast.
You are covered in fur. (AC +1)
You have very tough skin. (AC +2)
You have sharp toenails.
You are partially covered in iridescent scales. (AC +2)
You are partially covered in molten scales. (AC +2)
You have supernaturally acute eyesight. (SInv)
You possess an exceptional clarity of mind.
Your mind is acute. (Int +2)
You are frail. (-10% HP)
Your spells are a little harder to cast, but a little more powerful.
Your body has grown golden eyes which may confuse attackers. (Acc +3)
Your translucent skin slightly reduces your foes' accuracy. (Stealth)
You are covered in slimy tendrils that may disarm your opponents.
You have a small jelly attached to you that may absorb incoming projectiles.


Message History

Your acid blob hits Mara!
Mara is splashed with acid.
The acid corrodes Mara!
Your acid blob spits acid at Mara.
The splash of acid hits Mara.
Mara is splashed with acid.
Mara hits your acid blob with a +3 demon whip of electrocution.
Lightning courses through your acid blob!
Mara is burned by acid!
Mara hits your acid blob with a +3 demon whip of electrocution!
Lightning courses through your acid blob!
Mara is burned by acid!
You catch the helpless Mara completely off-guard!
You claw Mara! Your kick misses Mara.
Mara is almost dead.
Your acid blob hits Mara!
Mara is splashed with acid.
The acid corrodes Mara!
You mangle Mara!! You claw Mara.
You kill Mara!
Mara blinks!
You swap places.
Mara gestures at you. The bolt of fire hits you! The fire burns you terribly!
You die...

∆ ▓▓▓▓▓▓▓▓▓▓▓▓▓▓▓▓▓▓▓▓▓▓▓▓▓▓
...............R@JJR......
▓▓▓▓▓▓▓▓▓▓▓▓▓▓▓▓▓▓▓▓▓▓▓▓▓▓▓▓▓▓▓▓▓
......J)))...........'....°○.....
▓▓▓▓▓▓▓▓▓▓▓▓▓▓▓▓▓▓▓▓▓▓▓▓▓▓▓▓▓▓▓▓▓
.................................
▓▓▓▓▓▓▓▓▓▓▓▓▓▓▓▓▓▓▓▓▓▓▓▓▓▓▓▓▓▓▓▓▓
...((...........'................
▓▓▓▓▓▓▓▓▓▓▓▓▓▓▓▓▓▓▓▓▓▓▓▓▓▓▓▓▓▓▓▓▓
.)...............................


You could see 2 Maras and 2 friendly acid blobs.

Vanquished Creatures
  Nikola (D)
  Rupert (D)
  2 tentacled monstrosities (D)
  Kirke (D)
  Donald (D)
  A fire giant (D)
  A vault warden (D)
  A ghost moth (D)
  4 ironheart preservers (D)
  2 stone giants (D)
  2 vampire knights (D)
  3 ettins (D)
  2 fire dragons (D)
  3 ice dragons (D)
  A hydra (D)
  2 rakshasas (D)
  A ghost crab (D)
  An anaconda (D)
  A two-headed ogre (D)
  A death knight (D)
  A centaur warrior (D)
  A deep troll earth mage (D)
  A tengu warrior (D)
  A deep troll shaman (D)
  A shock serpent (D)
  A deep elf knight (D)
  4 orc high priests (D)
  Nergalle (D)
  A fire crab (shapeshifter) (D)
  A spriggan druid (D)
  A deep elf archer (D)
  A flayed ghost (D)
  6 orc knights (D)
  3 swamp dragons (D)
  A lindwurm (D)
  A mana viper (D)
  2 wolf spiders (D)
  An ugly thing (D)
  A black mamba (D)
  8 elephants (D)
  2 spiny frogs (D)
  3 naga magi (D)
  3 vault sentinels (D)
  A merfolk siren (D)
  Psyche (D)
  A yaktaur (D)
  A freezing wraith (D)
  A rime drake (D)
  4 merfolk (D)
  A meliai (shapeshifter) (D)
  5 jumping spiders (D)
  2 hornets (D)
  A wind drake (D)
  A blink frog (D)
  A snapping turtle (D)
  2 hippogriffs (D)
  A redback (D)
  A tarantella (shapeshifter) (D)
  3 hogs (D)
  A yak (D)
  Grum (D)
  Eustachio (D)
  A basilisk (D)
  2 vampire mosquitoes (D)
  2 nagas (D)
  5 porcupines (D)
  2 water moccasins (D)
  A sky beast (D)
  A swamp drake (D)
  6 orc warriors (D)
  An ogre (D)
  4 wolves (D)
  A centaur (D)
  4 crocodiles (D)
  2 bullfrogs (D)
  A scorpion (D)
  A wight (D)
  A crimson imp (D)
  A hound (D)
  5 orc priests (D)
  3 orc wizards (D)
  3 worker ants (D)
  An adder (D)
  An adder zombie (D)
  2 adder skeletons (D)
  5 orcs (D)
  A goblin (D)
  A hobgoblin (D)
  2 kobolds (D)
  A quokka zombie (D)
  A rat (D)
170 creatures vanquished.

Vanquished Creatures (collateral kills)
  An orc high priest (D)
  5 orc knights (D)
  4 orc warriors (D)
  An orc priest (D)
11 creatures vanquished.

Vanquished Creatures (others)
  An acid blob (D)
  A spriggan druid (D)
  A glowing orange brain (D)
  A death drake (shapeshifter) (D)
  A cyclops (D)
  A moth of wrath (D)
  A spiny frog (D)
  2 slime creatures (D)
  A raiju (D)
  A slime creature (shapeshifter) (D)
  3 humans (D)
  A swamp drake (D)
  An eye of draining (D)
  29 jellies (D)
45 creatures vanquished.

Grand Total: 226 creatures vanquished

Notes
Turn   | Place    | Note
-------+----------+-------------------------------------------
     0 | D        | Lanoc the Troll Monk began the quest for the Orb.
     0 | D        | Reached XP level 1. HP: 22/22 MP: 0/0
    25 | D        | Noticed a worker ant
    25 | D        | Noticed a centaur
    25 | D        | Noticed a crimson imp
    32 | D        | Reached skill level 4 in Unarmed Combat
    32 | D        | Reached XP level 2. HP: 31/31 MP: 1/1
    36 | D        | Killed a centaur
    36 | D        | Reached skill level 6 in Unarmed Combat
    36 | D        | Reached XP level 3. HP: 36/39 MP: 2/2
    36 | D        | Reached XP level 4. HP: 45/48 MP: 3/3
    43 | D        | Reached skill level 7 in Unarmed Combat
    48 | D        | Reached skill level 8 in Unarmed Combat
    48 | D        | Reached XP level 5. HP: 29/55 MP: 4/4
    58 | D        | Found a roughly hewn altar of Beogh.
    58 | D        | Found a snail-covered altar of Cheibriados.
    58 | D        | Found a shadowy altar of Dithmenos.
    58 | D        | Found a white marble altar of Elyvilon.
    58 | D        | Found a blossoming altar of Fedhas.
    58 | D        | Found an opulent altar of Gozag.
    59 | D        | Found a hazy altar of Hepliaklqana.
    60 | D        | Found a viscous altar of Jiyva.
    61 | D        | Found an ancient bone altar of Kikubaaqudgha.
    62 | D        | Found a corrupted altar of Lugonu.
    63 | D        | Found a burning altar of Makhleb.
    64 | D        | Found a sparkling altar of Nemelex Xobeh.
    65 | D        | Found an iron altar of Okawaru.
    66 | D        | Found a stormy altar of Qazlal.
    67 | D        | Found a sacrificial altar of Ru.
    68 | D        | Became a worshipper of Jiyva Jeova the Shapeless
    68 | D        | Reached * piety under Jiyva
    68 | D        | Reached ** piety under Jiyva
    69 | D        | Found a deep blue altar of Sif Muna.
    70 | D        | Found a bloodstained altar of Trog.
    71 | D        | Found a hide-covered altar of Uskayaw.
    72 | D        | Found a radiant altar of Vehumet.
    73 | D        | Found an ornate altar of the Wu Jian Council.
    74 | D        | Found a shimmering altar of Xom.
    75 | D        | Found a basalt altar of Yredelemnul.
    76 | D        | Found a glowing silver altar of Zin.
    77 | D        | Found a glowing golden altar of the Shining One.
    83 | D        | Reached *** piety under Jiyva
    83 | D        | Gained mutation: You are partially covered in large bone
                  | plates. (SH +4) [Jiyva's grace]
    89 | D        | Reached **** piety under Jiyva
    90 | D        | Gained mutation: You have sharp toenails. [Jiyva's grace]
   104 | D        | Noticed a sky beast
   104 | D        | Noticed an ogre
   107 | D        | Reached skill level 5 in Dodging
   108 | D        | Reached skill level 5 in Fighting
   114 | D        | Killed an ogre
   114 | D        | Reached skill level 9 in Unarmed Combat
   114 | D        | Reached XP level 6. HP: 67/67 MP: 5/5
   127 | D        | Killed a sky beast
   127 | D        | Reached skill level 10 in Unarmed Combat
   181 | D        | Noticed a two-headed ogre
   181 | D        | Noticed a basilisk
   191 | D        | Killed a basilisk
   191 | D        | Reached skill level 11 in Unarmed Combat
   191 | D        | Reached XP level 7. HP: 57/76 MP: 6/6
   196 | D        | Killed a two-headed ogre
   196 | D        | Reached skill level 12 in Unarmed Combat
   196 | D        | Reached XP level 8. HP: 38/88 MP: 7/7
   205 | D        | Reached ***** piety under Jiyva
   205 | D        | Gained mutation: You have a small jelly attached to you
                  | that may absorb incoming projectiles. [Jiyva's grace]
   232 | D        | Gained mutation: Your translucent skin slightly reduces
                  | your foes' accuracy. (Stealth) [Jiyva's grace]
   236 | D        | Gained mutation: You have acidic saliva. [Jiyva's grace]
   236 | D        | Reached ****** piety under Jiyva
   241 | D        | Gained mutation: You expend magic power (3 MP) to
                  | strengthen your wands. [Jiyva's grace]
   241 | D        | Gained mutation: Your body sometimes deteriorates upon
                  | taking damage. [Jiyva's grace]
   241 | D        | Gained mutation: You have a somewhat thin skeletal
                  | structure. (Dex +2, Stealth) [Jiyva's grace]
   241 | D        | Gained mutation: You are covered in slimy tendrils that may
                  | disarm your opponents. [Jiyva's grace]
   242 | D        | Lost mutation: You have a small jelly attached to you that
                  | may absorb incoming projectiles. [Jiyva's grace]
   316 | D        | Noticed a spiny frog
   319 | D        | Reached skill level 13 in Unarmed Combat
   321 | D        | Noticed a lindwurm
   326 | D        | Killed a spiny frog
   328 | D        | Reached skill level 14 in Unarmed Combat
   334 | D        | Reached XP level 9. HP: 57/98 MP: 8/8
   340 | D        | Killed a lindwurm
   452 | D        | Noticed a rime drake
   456 | D        | Killed a rime drake
   456 | D        | Reached skill level 15 in Unarmed Combat
   464 | D        | Reached skill level 10 in Fighting
   464 | D        | Reached skill level 10 in Dodging
   529 | D        | Noticed an elephant
   529 | D        | Noticed an elephant
   529 | D        | Noticed an elephant
   529 | D        | Noticed an elephant
   529 | D        | Noticed an elephant
   529 | D        | Noticed an elephant
   530 | D        | Noticed an elephant
   537 | D        | Killed an elephant
   537 | D        | Reached skill level 16 in Unarmed Combat
   537 | D        | Reached XP level 10. HP: 99/111 MP: 9/9
   544 | D        | Killed an elephant
   547 | D        | Killed an elephant
   550 | D        | Killed an elephant
   554 | D        | Killed an elephant
   558 | D        | Killed an elephant
   558 | D        | Reached skill level 17 in Unarmed Combat
   559 | D        | Noticed an elephant
   562 | D        | Killed an elephant
   568 | D        | Killed an elephant
   725 | D        | Lost mutation: You are covered in slimy tendrils that may
                  | disarm your opponents. [Jiyva's grace]
   756 | D        | Gained mutation: You have a small jelly attached to you
                  | that may absorb incoming projectiles. [Jiyva's grace]
   756 | D        | Gained mutation: You heal very quickly. [Jiyva's grace]
   756 | D        | Gained mutation: Your spells are a little harder to cast,
                  | but a little more powerful. [Jiyva's grace]
   758 | D        | Gained mutation: Your mind is acute. (Int +2) [Jiyva's
                  | grace]
   758 | D        | Lost mutation: Your body sometimes deteriorates upon taking
                  | damage. [Jiyva's grace]
   758 | D        | Lost mutation: You expend magic power (3 MP) to strengthen
                  | your wands. [Jiyva's grace]
   758 | D        | Lost mutation: You have a somewhat thin skeletal structure.
                  | (Dex +2, Stealth) [Jiyva's grace]
   835 | D        | Noticed an orc knight
   835 | D        | Noticed an orc knight
   836 | D        | Noticed an orc knight
   839 | D        | Killed an orc knight
   842 | D        | Killed an orc knight
   846 | D        | Reached XP level 11. HP: 72/122 MP: 10/10
   850 | D        | Killed an orc knight
   850 | D        | Reached skill level 18 in Unarmed Combat
   893 | D        | Gained mutation: Your rubbery body absorbs attacks. (AC +1,
                  | EV +1) [Jiyva's grace]
   893 | D        | Gained mutation: You are partially covered in iridescent
                  | scales. (AC +2) [Jiyva's grace]
   894 | D        | Gained mutation: You are somewhat resistant to further
                  | mutation. [Jiyva's grace]
   894 | D        | Lost mutation: You are partially covered in iridescent
                  | scales. (AC +2) [Jiyva's grace]
   898 | D        | Gained mutation: Your movements are slightly less
                  | encumbered by armour. (ER -2) [Jiyva's grace]
   898 | D        | Lost mutation: Your spells are a little harder to cast, but
                  | a little more powerful. [Jiyva's grace]
   899 | D        | Found Isoudann's Book Boutique.
   899 | D        | Noticed an orc high priest
   899 | D        | Noticed an orc knight
   899 | D        | Noticed an orc knight
   899 | D        | Noticed an orc knight
   899 | D        | Noticed an orc knight
   901 | D        | Lost mutation: Your rubbery body absorbs attacks. (AC +1,
                  | EV +1) [Jiyva's grace]
   901 | D        | Gained mutation: You are agile. (Dex +2) [Jiyva's grace]
   903 | D        | Killed an orc knight
   906 | D        | Lost mutation: Your mind is acute. (Int +2) [Jiyva's grace]
   906 | D        | Lost mutation: You are somewhat resistant to further
                  | mutation. [Jiyva's grace]
   907 | D        | Gained mutation: Armour fits poorly on your pseudopods.
                  | [Jiyva's grace]
   907 | D        | Gained mutation: You are mostly covered in large bone
                  | plates. (SH +6) [Jiyva's grace]
   907 | D        | Gained mutation: Your flesh is cold resistant. (rC+)
                  | [Jiyva's grace]
   907 | D        | Lost mutation: You have acidic saliva. [Jiyva's grace]
   908 | D        | Gained mutation: Your body sometimes deteriorates upon
                  | taking damage. [Jiyva's grace]
   908 | D        | Lost mutation: You are agile. (Dex +2) [Jiyva's grace]
   910 | D        | Lost mutation: Your movements are slightly less encumbered
                  | by armour. (ER -2) [Jiyva's grace]
   910 | D        | Lost mutation: You have sharp toenails. [Jiyva's grace]
   911 | D        | Killed an orc knight
   911 | D        | Gained mutation: You have acidic saliva. [Jiyva's grace]
   912 | D        | Gained mutation: Your flesh is very cold resistant. (rC++)
                  | [Jiyva's grace]
   913 | D        | Killed an orc knight
   913 | D        | Gained mutation: Your translucent skin reduces your foes'
                  | accuracy. (Stealth) [Jiyva's grace]
   914 | D        | Gained mutation: Your mind is acute. (Int +2) [Jiyva's
                  | grace]
   914 | D        | Killed an orc knight
   918 | D        | Gained mutation: You have large cloven feet. [Jiyva's
                  | grace]
   918 | D        | Killed an orc high priest
   918 | D        | Lost mutation: You have a small jelly attached to you that
                  | may absorb incoming projectiles. [Jiyva's grace]
   918 | D        | Gained mutation: You have supernaturally acute eyesight.
                  | (SInv) [Jiyva's grace]
   920 | D        | Noticed an orc high priest
   920 | D        | Noticed an orc knight
   921 | D        | Lost mutation: Armour fits poorly on your pseudopods.
                  | [Jiyva's grace]
   922 | D        | Found Lipnap's Weapon Shop.
   922 | D        | Gained mutation: You evolve. [Jiyva's grace]
   922 | D        | Lost mutation: Your body sometimes deteriorates upon taking
                  | damage. [Jiyva's grace]
   922 | D        | Gained mutation: Your spells are a little harder to cast,
                  | but a little more powerful. [Jiyva's grace]
   922 | D        | Gained mutation: You have a pair of small antennae on your
                  | head. [Jiyva's grace]
   922 | D        | Lost mutation: Your mind is acute. (Int +2) [Jiyva's grace]
   922 | D        | Lost mutation: Your translucent skin reduces your foes'
                  | accuracy. (Stealth) [Jiyva's grace]
   925 | D        | Gained mutation: Your translucent skin reduces your foes'
                  | accuracy. (Stealth) [Jiyva's grace]
   925 | D        | Gained mutation: You are partially covered in thin metallic
                  | scales. (AC +2) [Jiyva's grace]
   925 | D        | Noticed an orc high priest
   925 | D        | Lost mutation: You have acidic saliva. [Jiyva's grace]
   925 | D        | Gained mutation: You are resistant to hostile enchantments.
                  | (MR+) [Jiyva's grace]
   926 | D        | Killed an orc knight
   929 | D        | Lost mutation: Your translucent skin reduces your foes'
                  | accuracy. (Stealth) [Jiyva's grace]
   930 | D        | Noticed an orc high priest
   937 | D        | Noticed an orc knight
   940 | D        | Killed an orc high priest
   940 | D        | Reached skill level 19 in Unarmed Combat
   945 | D        | Noticed an orc knight
   948 | D        | Slimified an orc high priest
   948 | D        | an orc high priest changed into a slime creature
   949 | D        | Lost mutation: Your spells are a little harder to cast, but
                  | a little more powerful. [Jiyva's grace]
   950 | D        | Gained mutation: You possess an exceptional clarity of
                  | mind. [Jiyva's grace]
   950 | D        | Lost mutation: You have a pair of small antennae on your
                  | head. [Jiyva's grace]
   950 | D        | Gained mutation: Your mind is acute. (Int +2) [Jiyva's
                  | grace]
   950 | D        | Lost mutation: Your flesh is very cold resistant. (rC++)
                  | [Jiyva's grace]
   950 | D        | Lost mutation: Your translucent skin slightly reduces your
                  | foes' accuracy. (Stealth) [Jiyva's grace]
   952 | D        | Noticed an orc high priest
   952 | D        | Gained mutation: Your muscles are strong. (Str +2) [Jiyva's
                  | grace]
   952 | D        | Lost mutation: You have large cloven feet. [Jiyva's grace]
   954 | D        | Gained mutation: Your flesh is heat resistant. (rF+)
                  | [Jiyva's grace]
   954 | D        | Lost mutation: Your mind is acute. (Int +2) [Jiyva's grace]
   954 | D        | Lost mutation: Your flesh is cold resistant. (rC+) [Jiyva's
                  | grace]
   955 | D        | Gained mutation: You regenerate. [Jiyva's grace]
   956 | D        | Gained mutation: Your body sometimes deteriorates upon
                  | taking damage. [a neqoxec]
   956 | D        | Gained mutation: Your mind is acute. (Int +2) [Jiyva's
                  | grace]
   957 | D        | Gained mutation: Your skin changes colour to match your
                  | surroundings (Stealth+). [Jiyva's grace]
   958 | D        | Lost mutation: You possess an exceptional clarity of mind.
                  | [Jiyva's grace]
   958 | D        | Gained mutation: You have a small jelly attached to you
                  | that senses nearby items. [Jiyva's grace]
   958 | D        | Lost mutation: You regenerate. [Jiyva's grace]
   958 | D        | Lost mutation: Your mind is acute. (Int +2) [Jiyva's grace]
   966 | D        | Gained mutation: You are dopey. (Int -2) [a neqoxec]
   967 | D        | Lost mutation: You have a small jelly attached to you that
                  | senses nearby items. [Jiyva's grace]
   969 | D        | Found Pyur's Magic Scroll Boutique.
   970 | D        | Gained mutation: Your body has grown golden eyes which may
                  | confuse attackers. (Acc +3) [Jiyva's grace]
   975 | D        | Killed an orc high priest
   976 | D        | Gained mutation: You are highly resistant to hostile
                  | enchantments. (MR++) [Jiyva's grace]
   977 | D        | Gained mutation: Your muscles are very strong. (Str +4)
                  | [Jiyva's grace]
   977 | D        | Lost mutation: Your muscles are very strong. (Str +4)
                  | [Jiyva's grace]
   982 | D        | Gained mutation: You have a pair of small horns on your
                  | head. [Jiyva's grace]
   983 | D        | Killed an orc knight
   987 | D        | Killed an orc knight
   987 | D        | Noticed a soul eater
   992 | D        | Killed an orc high priest
   993 | D        | Found Willin Suuh's Gadget Shop.
   998 | D        | Lost mutation: Your body sometimes deteriorates upon taking
                  | damage. [Jiyva's grace]
  1002 | D        | Lost mutation: You have a pair of small horns on your head.
                  | [Jiyva's grace]
  1003 | D        | Noticed an orc high priest
  1003 | D        | Gained mutation: You have a small jelly attached to you
                  | that senses nearby items. [Jiyva's grace]
  1003 | D        | Lost mutation: You are highly resistant to hostile
                  | enchantments. (MR++) [Jiyva's grace]
  1008 | D        | Noticed a sun demon
  1008 | D        | Killed an orc high priest
  1019 | D        | Lost mutation: Your skin changes colour to match your
                  | surroundings (Stealth+). [Jiyva's grace]
  1019 | D        | Gained mutation: Your translucent skin slightly reduces
                  | your foes' accuracy. (Stealth) [Jiyva's grace]
  1019 | D        | Lost mutation: You are resistant to hostile enchantments.
                  | (MR+) [Jiyva's grace]
  1029 | D        | Noticed Eustachio
  1031 | D        | Noticed Grum
  1035 | D        | Killed Eustachio
  1041 | D        | Killed Grum
  1068 | D        | Noticed Psyche
  1074 | D        | Killed Psyche
  1139 | D        | Gained mutation: Your flesh is cold resistant. (rC+)
                  | [Jiyva's grace]
  1140 | D        | Lost mutation: Your muscles are strong. (Str +2) [Jiyva's
                  | grace]
  1142 | D        | Lost mutation: Your body has grown golden eyes which may
                  | confuse attackers. (Acc +3) [Jiyva's grace]
  1142 | D        | Lost mutation: You evolve. [Jiyva's grace]
  1165 | D        | Noticed a centaur warrior
  1167 | D        | Lost mutation: You are mostly covered in large bone plates.
                  | (SH +6) [Jiyva's grace]
  1168 | D        | Reached skill level 20 in Unarmed Combat
  1168 | D        | Lost mutation: You are partially covered in thin metallic
                  | scales. (AC +2) [Jiyva's grace]
  1173 | D        | Noticed an ice dragon
  1177 | D        | Noticed a cyan ugly thing
  1178 | D        | Killed a centaur warrior
  1178 | D        | Reached XP level 12. HP: 123/136 MP: 11/11
  1182 | D        | Noticed a rakshasa
  1187 | D        | Killed an ice dragon
  1187 | D        | Noticed a tengu warrior
  1190 | D        | Noticed a deep troll shaman
  1214 | D        | Killed a rakshasa
  1221 | D        | Killed a tengu warrior
  1223 | D        | Killed a deep troll shaman
  1227 | D        | Reached skill level 21 in Unarmed Combat
  1250 | D        | Lost mutation: Your flesh is heat resistant. (rF+) [Jiyva's
                  | grace]
  1253 | D        | Noticed an ice dragon
  1259 | D        | Lost mutation: You are partially covered in large bone
                  | plates. (SH +4) [Jiyva's grace]
  1261 | D        | Killed an ice dragon
  1261 | D        | Lost mutation: You are dopey. (Int -2) [Jiyva's grace]
  1261 | D        | Gained mutation: You have a pair of small antennae on your
                  | head. [Jiyva's grace]
  1269 | D        | Lost mutation: Your translucent skin slightly reduces your
                  | foes' accuracy. (Stealth) [Jiyva's grace]
  1273 | D        | Lost mutation: You heal very quickly. [Jiyva's grace]
  1273 | D        | Gained mutation: Your translucent skin slightly reduces
                  | your foes' accuracy. (Stealth) [Jiyva's grace]
  1284 | D        | Gained mutation: You are partially covered in thin metallic
                  | scales. (AC +2) [Jiyva's grace]
  1320 | D        | Noticed Kirke
  1330 | D        | Noticed a sphinx
  1338 | D        | Killed Kirke
  1495 | D        | Noticed an anaconda
  1517 | D        | Reached skill level 22 in Unarmed Combat
  1532 | D        | Killed an anaconda
  1534 | D        | Reached XP level 13. HP: 37/148 MP: 6/12
  1544 | D        | Gained mutation: Your body has grown golden eyes which may
                  | confuse attackers. (Acc +3) [Jiyva's grace]
  1544 | D        | Gained mutation: You are partially covered in molten
                  | scales. (AC +2) [Jiyva's grace]
  1545 | D        | Gained mutation: Armour fits poorly on your pseudopods.
                  | [Jiyva's grace]
  1545 | D        | Lost mutation: Armour fits poorly on your pseudopods.
                  | [Jiyva's grace]
  1547 | D        | Gained mutation: You are mostly covered in thin metallic
                  | scales. (AC +3) [Jiyva's grace]
  1551 | D        | Gained mutation: Your muscles are strong. (Str +2) [Jiyva's
                  | grace]
  1551 | D        | Gained mutation: You have acidic saliva. [Jiyva's grace]
  1566 | D        | Gained mutation: Your flesh is very cold resistant. (rC++)
                  | [Jiyva's grace]
  1661 | D        | Noticed a tentacled monstrosity
  1666 | D        | Reached skill level 5 in Armour
  1681 | D        | Killed a tentacled monstrosity
  1703 | D        | Gained mutation: You have a pair of antennae on your head.
                  | [Jiyva's grace]
  1703 | D        | Lost mutation: Your translucent skin slightly reduces your
                  | foes' accuracy. (Stealth) [Jiyva's grace]
  1707 | D        | Gained mutation: You have an increased reservoir of magic.
                  | (+10% MP) [Jiyva's grace]
  1707 | D        | Lost mutation: You have a small jelly attached to you that
                  | senses nearby items. [Jiyva's grace]
  1713 | D        | HP: 7/148 [poison (poison gas)]
  1718 | D        | HP: 4/148 [poison (poison gas)]
  1723 | D        | HP: 3/148 [poison (poison gas)]
  1729 | D        | HP: 4/148 [poison (poison gas)]
  1735 | D        | HP: 5/148 [poison (poison gas)]
  1770 | D        | Gained mutation: You evolve. [Jiyva's grace]
  1795 | D        | Lost mutation: You have an increased reservoir of magic.
                  | (+10% MP) [Jiyva's grace]
  1795 | D        | Gained mutation: Your spells are a little harder to cast,
                  | but a little more powerful. [Jiyva's grace]
  1797 | D        | Gained mutation: You are covered in slimy tendrils that may
                  | disarm your opponents. [Jiyva's grace]
  1800 | D        | Lost mutation: Your spells are a little harder to cast, but
                  | a little more powerful. [Jiyva's grace]
  1803 | D        | Gained mutation: Your mind is acute. (Int +2) [Jiyva's
                  | grace]
  1804 | D        | Gained mutation: Your rubbery body absorbs attacks. (AC +1,
                  | EV +1) [Jiyva's grace]
  1804 | D        | Gained mutation: Your translucent skin slightly reduces
                  | your foes' accuracy. (Stealth) [Jiyva's grace]
  1807 | D        | Lost mutation: Your mind is acute. (Int +2) [Jiyva's grace]
  1815 | D        | Lost mutation: Your body has grown golden eyes which may
                  | confuse attackers. (Acc +3) [Jiyva's grace]
  1818 | D        | Gained mutation: You are covered in thick fur. (AC +2)
                  | [Jiyva's grace]
  1818 | D        | Lost mutation: You are partially covered in molten scales.
                  | (AC +2) [Jiyva's grace]
  1820 | D        | Lost mutation: You are mostly covered in thin metallic
                  | scales. (AC +3) [Jiyva's grace]
  1823 | D        | Lost mutation: You are partially covered in thin metallic
                  | scales. (AC +2) [Jiyva's grace]
  1824 | D        | Lost mutation: You have a pair of antennae on your head.
                  | [Jiyva's grace]
  1829 | D        | Gained mutation: Your mind is acute. (Int +2) [Jiyva's
                  | grace]
  1838 | D        | Gained mutation: You have a small jelly attached to you
                  | that may absorb incoming projectiles. [Jiyva's grace]
  1845 | D        | Lost mutation: Your muscles are strong. (Str +2) [Jiyva's
                  | grace]
  1847 | D        | Gained mutation: Armour fits poorly on your pseudopods.
                  | [Jiyva's grace]
  1851 | D        | Gained mutation: Your thick and shaggy fur keeps you warm.
                  | (AC +3, rC+) [Jiyva's grace]
  1855 | D        | Lost mutation: Your flesh is very cold resistant. (rC++)
                  | [Jiyva's grace]
  1855 | D        | Lost mutation: You have supernaturally acute eyesight.
                  | (SInv) [Jiyva's grace]
  1856 | D        | Gained mutation: Your flesh is heat resistant. (rF+)
                  | [Jiyva's grace]
  1910 | D        | Lost mutation: You have a small jelly attached to you that
                  | may absorb incoming projectiles. [Jiyva's grace]
  1921 | D        | Gained mutation: You have a small jelly attached to you
                  | that may absorb incoming projectiles. [Jiyva's grace]
  1924 | D        | Lost mutation: Your mind is acute. (Int +2) [Jiyva's grace]
  1925 | D        | Gained mutation: You are partially covered in molten
                  | scales. (AC +2) [Jiyva's grace]
  2022 | D        | Noticed Donald
  2032 | D        | Killed Donald
  2047 | D        | Noticed Rupert
  2067 | D        | Killed Rupert
  2067 | D        | Reached skill level 15 in Fighting
  2067 | D        | Reached skill level 15 in Dodging
  2067 | D        | Reached skill level 23 in Unarmed Combat
  2096 | D        | Noticed Nergalle
  2103 | D        | Killed Nergalle
  2154 | D        | Noticed a tentacled monstrosity
  2154 | D        | Noticed a fire dragon
  2154 | D        | Noticed an ettin
  2154 | D        | Noticed a vampire knight
  2154 | D        | Noticed a vampire knight
  2154 | D        | Noticed an ettin
  2157 | D        | Killed an ettin
  2161 | D        | Killed a vampire knight
  2168 | D        | Killed a vampire knight
  2184 | D        | Killed a tentacled monstrosity
  2186 | D        | Slimified an ettin
  2186 | D        | Noticed an acid blob
  2186 | D        | an ettin changed into an acid blob
  2186 | D        | Lost mutation: Your flesh is heat resistant. (rF+) [Jiyva's
                  | grace]
  2190 | D        | Killed an acid blob
  2193 | D        | Killed a fire dragon
  2197 | D        | Lost mutation: You have a pair of small antennae on your
                  | head. [Jiyva's grace]
  2204 | D        | Gained mutation: Your pliable body absorbs attacks. (AC +2,
                  | EV +2) [Jiyva's grace]
  2204 | D        | Gained mutation: You expend magic power (3 MP) to
                  | strengthen your wands. [Jiyva's grace]
  2207 | D        | Lost mutation: Your pliable body absorbs attacks. (AC +2,
                  | EV +2) [Jiyva's grace]
  2209 | D        | Gained mutation: Your muscles are strong. (Str +2) [Jiyva's
                  | grace]
  2209 | D        | Lost mutation: You expend magic power (3 MP) to strengthen
                  | your wands. [Jiyva's grace]
  2209 | D        | Lost mutation: Your translucent skin slightly reduces your
                  | foes' accuracy. (Stealth) [Jiyva's grace]
  2209 | D        | Lost mutation: You have a small jelly attached to you that
                  | may absorb incoming projectiles. [Jiyva's grace]
  2209 | D        | Lost mutation: Your muscles are strong. (Str +2) [Jiyva's
                  | grace]
  2215 | D        | Gained mutation: You have a pair of small horns on your
                  | head. [Jiyva's grace]
  2218 | D        | Noticed an ettin
  2220 | D        | Gained mutation: Your body has grown golden eyes which may
                  | confuse attackers. (Acc +3) [Jiyva's grace]
  2220 | D        | Lost mutation: Armour fits poorly on your pseudopods.
                  | [Jiyva's grace]
  2247 | D        | Killed an ettin
  2259 | D        | Lost mutation: You evolve. [Jiyva's grace]
  2261 | D        | Gained mutation: Your mind is acute. (Int +2) [Jiyva's
                  | grace]
  2261 | D        | Gained mutation: You have an increased reservoir of magic.
                  | (+10% MP) [Jiyva's grace]
  2364 | D        | Noticed a stone giant
  2366 | D        | Noticed an ettin
  2367 | D        | Noticed a stone giant
  2372 | D        | Killed a stone giant
  2383 | D        | Killed a stone giant
  2383 | D        | Reached skill level 5 in Shields
  2383 | D        | Reached XP level 14. HP: 81/161 MP: 14/14
  2394 | D        | Gained mutation: Your translucent skin slightly reduces
                  | your foes' accuracy. (Stealth) [Jiyva's grace]
  2493 | D        | Noticed a vault warden
  2493 | D        | Noticed an ironheart preserver
  2494 | D        | Reached skill level 24 in Unarmed Combat
  2495 | D        | Noticed an ironheart preserver
  2512 | D        | Killed an ironheart preserver
  2515 | D        | Killed a vault warden
  2525 | D        | Killed an ironheart preserver
  2538 | D        | Noticed an ironheart preserver
  2551 | D        | Noticed an ironheart preserver
  2554 | D        | Lost mutation: Your translucent skin slightly reduces your
                  | foes' accuracy. (Stealth) [Jiyva's grace]
  2554 | D        | Lost mutation: Your mind is acute. (Int +2) [Jiyva's grace]
  2555 | D        | Noticed a fire giant
  2556 | D        | Gained mutation: Your body has grown many golden eyes which
                  | may confuse attackers. (Acc +5) [Jiyva's grace]
  2557 | D        | Gained mutation: You occasionally shout uncontrollably at
                  | your foes. [Jiyva's grace]
  2559 | D        | Gained mutation: You have a small jelly attached to you
                  | that senses nearby items. [Jiyva's grace]
  2560 | D        | Gained mutation: Your flesh is very cold resistant. (rC++)
                  | [Jiyva's grace]
  2562 | D        | Lost mutation: Your flesh is very cold resistant. (rC++)
                  | [Jiyva's grace]
  2567 | D        | Gained mutation: You have supernaturally acute eyesight.
                  | (SInv) [Jiyva's grace]
  2567 | D        | Lost mutation: You have a small jelly attached to you that
                  | senses nearby items. [Jiyva's grace]
  2570 | D        | Killed an ironheart preserver
  2576 | D        | Killed an ironheart preserver
  2579 | D        | Gained mutation: You have a small jelly attached to you
                  | that senses nearby items. [Jiyva's grace]
  2580 | D        | Lost mutation: Your body has grown many golden eyes which
                  | may confuse attackers. (Acc +5) [Jiyva's grace]
  2580 | D        | Lost mutation: Your flesh is cold resistant. (rC+) [Jiyva's
                  | grace]
  2582 | D        | Killed a fire giant
  2590 | D        | Reached skill level 10 in Armour
  2591 | D        | Lost mutation: Your thick and shaggy fur keeps you warm.
                  | (AC +3, rC+) [Jiyva's grace]
  2593 | D        | Gained mutation: Your mind is acute. (Int +2) [Jiyva's
                  | grace]
  2593 | D        | Gained mutation: You expend magic power (3 MP) to
                  | strengthen your wands. [Jiyva's grace]
  2593 | D        | Lost mutation: You have supernaturally acute eyesight.
                  | (SInv) [Jiyva's grace]
  2598 | D        | Lost mutation: Your rubbery body absorbs attacks. (AC +1,
                  | EV +1) [Jiyva's grace]
  2598 | D        | Gained mutation: You have sharp toenails. [Jiyva's grace]
  2604 | D        | Lost mutation: You have an increased reservoir of magic.
                  | (+10% MP) [Jiyva's grace]
  2604 | D        | Lost mutation: You have acidic saliva. [Jiyva's grace]
  2605 | D        | Lost mutation: You are covered in thick fur. (AC +2)
                  | [Jiyva's grace]
  2687 | D        | Noticed Nikola
  2700 | D        | Killed Nikola
  2700 | D        | Reached skill level 25 in Unarmed Combat
  2879 | D        | Gained mutation: Your mind is very acute. (Int +4) [Jiyva's
                  | grace]
  2879 | D        | Lost mutation: You have a small jelly attached to you that
                  | senses nearby items. [Jiyva's grace]
  2898 | D        | Lost mutation: You occasionally shout uncontrollably at
                  | your foes. [Jiyva's grace]
  2899 | D        | Gained mutation: Your system is resistant to poisons.
                  | (rPois) [Jiyva's grace]
  2906 | D        | Gained mutation: You possess an exceptional clarity of
                  | mind. [Jiyva's grace]
  2913 | D        | Gained mutation: You are partially covered in iridescent
                  | scales. (AC +2) [Jiyva's grace]
  2915 | D        | Gained mutation: Your translucent skin slightly reduces
                  | your foes' accuracy. (Stealth) [Jiyva's grace]
  2917 | D        | Lost mutation: You have a pair of small horns on your head.
                  | [Jiyva's grace]
  2920 | D        | Lost mutation: You expend magic power (3 MP) to strengthen
                  | your wands. [Jiyva's grace]
  2959 | D        | Gained mutation: You have supernaturally acute eyesight.
                  | (SInv) [Jiyva's grace]
  2959 | D        | Gained mutation: Your spells are a little harder to cast,
                  | but a little more powerful. [Jiyva's grace]
  2960 | D        | Lost mutation: Your mind is very acute. (Int +4) [Jiyva's
                  | grace]
  2960 | D        | Lost mutation: Your system is resistant to poisons. (rPois)
                  | [Jiyva's grace]
  2979 | D        | Noticed a ghost moth
  2984 | D        | Killed a ghost moth
  3007 | D        | Gained mutation: You are frail. (-10% HP) [Jiyva's grace]
  3009 | D        | Gained mutation: You have a small jelly attached to you
                  | that may absorb incoming projectiles. [Jiyva's grace]
  3037 | D        | Noticed Mara
  3056 | D        | Killed from afar by Mara (illusionary)

Vault maps used:
D:        linesprint

Skill      XL: |  1  2  3  4  5  6  7  8  9 10 11 12 13 14 |
---------------+-------------------------------------------+-----
Fighting       | 3 4 5 6 8 9 10 11 13 14 15 16 | 16.5
Dodging        | 3 4 5 6 8 9 10 11 13 14 15 16 | 16.5
Unarmed Combat | 4 6 8 9 11 12 14 16 17 20 22 23 25 | 25.2
Armour         | 4 8 10 | 10.5
Shields        | 5 8 |  8.1
Stealth        | |  1.0

Action                   |  1- 3 |  4- 6 |  7- 9 | 10-12 | 13-15 || total
-------------------------+-------+-------+-------+-------+-------++-------
Melee: Unarmed           |    23 |    40 |    57 |   287 |   257 ||   664
       Kick              |       |    15 |    17 |    35 |    19 ||    86
       Punch             |       |     2 |     4 |    31 |    10 ||    47
       Bite              |       |       |     8 |    13 |    41 ||    62
       Headbutt          |       |       |       |     3 |    44 ||    47
       Pseudopods        |       |       |       |     1 |    18 ||    19
Throw: Large rock        |       |       |       |       |     6 ||     6
Invok: Request Jelly     |       |       |     1 |     3 |     6 ||    10
       Slimify           |       |       |       |     1 |     3 ||     4
  Use: Potion            |     1 |       |       |     4 |     4 ||     9
 Stab: Sleeping          |       |       |     2 |       |       ||     2
       Distracted        |       |       |       |       |     2 ||     2
       Confused          |       |       |       |       |     2 ||     2
  Eat: Chunk             |       |     3 |     6 |     4 |     4 ||    17
Armor: Robe              |    12 |     5 |     2 |    16 |       ||    35
       Ice dragon scales |       |       |       |    19 |    71 ||    90
Dodge: Dodged            |     6 |    12 |    19 |   130 |    95 ||   262
Block: Other             |       |     2 |     6 |    22 |       ||    30
       Shield            |       |       |       |       |    55 ||    55
       Reflection        |       |       |       |       |     3 ||     3

Table legend:
 A = Non-vault XP
 B = Vault XP
 C = Vault XP percentage of total XP
 D = Non-vault monster count
 E = Vault monster count
 F = Vault count percentage of total count
                 A         B        C        D         E       F
            +---------+---------+-------+---------+---------+-------
      Total |       0 |   90996 | 100.0 |       0 |     182 | 100.0
            +---------+---------+-------+---------+---------+-------
          D |       0 |   90996 | 100.0 |       0 |     182 | 100.0
            +---------+---------+-------+---------+---------+-------
